 Dungeon Crawl Stone Soup version 0.27.1-1-g398f81649c (webtiles) character file.

Game seed: 5922611554144854968

990 bnorton916 the Conjurer (level 7, -5/36 HPs)
             Began as a Deep Elf Conjurer on Sept 20, 2021.
             Slain by Duvessa (10 damage)
             ... on level 5 of the Dungeon.
             The game lasted 00:07:17 (6313 turns).

bnorton916 the Conjurer (Deep Elf Conjurer)         Turns: 6313, Time: 00:07:17

Health: -5/36      AC:  2    Str:  4    XL:     7   Next: 98%
Magic:  2/17       EV: 12    Int: 25    God:
Gold:   85         SH:  0    Dex: 13    Spells: 6/17 levels left

rFire    + . .     SeeInvis .   (no weapon)
rCold    . . .     Faith    .   (no shield)
rNeg     . . .     Spirit   .   a - +0 robe
rPois    .         Reflect  .   (no helmet)
rElec    .         Harm     .   m - scarf {shadows}
rCorr    .         Rampage  .   (no gloves)
Will     +....                  (no boots)
Stlth    ++........             (no amulet)
HPRegen  0.12/turn              t - ring of willpower
MPRegen  0.15/turn              i - ring of protection from fire

@: no status effects
A: no striking features
a: no special abilities


You were on level 5 of the Dungeon.
You visited 1 branch of the dungeon, and saw 5 of its levels.

You collected 85 gold pieces.

Inventory:

Hand Weapons
 j - a +1 whip of electrocution
Missiles
 k - 161 stones
Armour
 a - a +0 robe (worn)
 m - a scarf of shadows (worn)
 v - a +0 buckler
Jewellery
 b - a ring of positive energy
 i - a ring of protection from fire (right hand)
 t - a ring of willpower (left hand)
Wands
 r - a wand of polymorph (2)
 s - a wand of digging (7)
 u - a wand of flame (25)
Scrolls
 c - 4 scrolls of enchant weapon {unknown}
 d - 2 scrolls of silence {unknown}
 f - 2 scrolls of enchant armour {unknown}
 n - 4 scrolls of identify {unknown}
 p - a scroll of blinking {unknown}
 w - a scroll of acquirement {unknown}
Potions
 e - 2 potions of heal wounds {unknown}
 g - 3 potions of curing {unknown}
 h - a potion of brilliance {unknown}
 l - 3 potions of berserk rage {unknown}
 o - a potion of invisibility {unknown}
 q - a potion of lignification {unknown}


   Skills:
 - Level 2.4 Dodging
 - Level 2.4 Stealth
 + Level 2.0 Shields
 - Level 5.8 Spellcasting
 - Level 6.1 Conjurations
 + Level 6.1 Hexes
 + Level 5.0 Translocations


You had 6 spell levels left.
You knew the following spells:

 Your Spells              Type           Power      Damage    Failure   Level
a - Magic Dart            Conj           100%       1d8       1%          1
b - Searing Ray           Conj           76%        3d6       1%          2
c - Fulminant Prism       Conj/Hex       18%        3d11      6%          4
d - Iskenderun's Mystic   Conj/Tloc      35%        2d8       8%          4

Your spell library contained the following spells:

 Spells                   Type           Power      Damage    Failure   Level
 Dazzling Flash           Conj/Hex       74%        N/A       1%          3
 Portal Projectile        Hex/Tloc       70%        N/A       2%          3
 Beastly Appendage        Tmut           14%        N/A       8%          1
 Wereblood                Tmut           7%         N/A       12%         2
 Call Canine Familiar     Summ           7%         N/A       22%         3
 Spider Form              Tmut/Pois      3%         N/A       22%         3
 Leda's Liquefaction      Hex/Erth       11%        N/A       22%         4


Dungeon Overview and Level Annotations

Branches:
Dungeon (5/15)
 Temple: D:4-7

Altars:
Ashenzari
Elyvilon
Makhleb
Ru
Xom

Annotations:
D:4 1 runed translucent door, Gorgormcgor's ghost, amateur GnDe
D:5 Duvessa


Message History

Aiming: Throw Flame
Press: ? - help, Shift-Dir - straight line, f/p - Duvessa
Aim: Duvessa, wielding a +0 rapier and wearing a +0 chain mail (almost dead, 81% to hit)
The puff of flame misses Duvessa.
Unknown command.
Dowan points at you and mumbles some strange words.
The puff of frost hits you!
Dowan mumbles some strange words.
Dowan blinks!
Dowan laughs at you. "Don't get delusional, you can't win!"
Dowan casts a spell at you. The puff of frost misses you.
Dowan casts a spell at you. The puff of flame hits you. You resist.
* * * LOW HITPOINT WARNING * * *
Dowan says, "Stay away from my face!"
Duvessa gestures with her weapon.
Duvessa gestures with her weapon.
Okay, then.
Unknown command.
Casting: Iskenderun's Mystic Blast (quite dangerous; 8% risk of failure)
Confirm with . or Enter, or press ? or * to list all spells.
Aiming: Searing Ray (safe; 1% risk of failure)
Press: ? - help, Shift-Dir - straight line, f/p - Duvessa
Aim: Duvessa, wielding a +0 rapier and wearing a +0 chain mail (severely wounded, 88% to hit)
The searing ray hits Duvessa.
Duvessa is almost dead.
The searing ray hits Dowan!
Dowan is severely wounded. (Press . to maintain the ray.) Duvessa closely misses you.
The searing ray hits Duvessa but does no damage.
Duvessa is almost dead.
The searing ray hits Dowan!
You kill Dowan!
Duvessa screams in rage.
Duvessa goes berserk!
Duvessa hits you with a +0 rapier.
* * * LOW HITPOINT WARNING * * *
Duvessa hits you with a +0 rapier!
You die...

....................#.⌠.⌠.#......
.###### ####..........[..........
## ##.##.##.#.....#......
#.##.##...._.........
#.##.##.#.....#.##...
#.##.##.........##..O
#.##.##.#.⌠.⌠.#.##.##
#.##.##.........##.## ####
#.##@##.#.....#.##.## ...#
#>##e##...e.....##.# ##.#
#.##)#####..######.## ##.##
#.##.#####.## #...
#...#########.##...e...#######.##
#.#...........########...).....#
#...########### ########### #####


You could see Duvessa (berserk).

Vanquished Creatures
  A sky beast (D:5)
  A necrophage (D:4)
  An ogre (D:5)
  3 phantoms (D:4)
  2 scorpions (D:5)
  A water moccasin skeleton (D:5)
  Dowan (D:5)
  4 hounds
  An iguana (D:4)
  Terence (D:2)
  Ijyb (D:3)
  A howler monkey skeleton (D:4)
  5 adders
  A worm (D:2)
  2 dart slugs
  7 orcs
  6 bats
  6 endoplasms
  A giant cockroach (D:1)
  8 goblins
  4 hobgoblins
  3 jackals (D:4)
  13 kobolds
  2 quokkas
  A ball python (D:2)
  5 frilled lizards
  5 rats
87 creatures vanquished.

Notes
Turn   | Place    | Note
-------+----------+-------------------------------------------
     0 | D:1      | bnorton916 the Deep Elf Conjurer began the quest for the
                  | Orb.
     0 | D:1      | Reached XP level 1. HP: 10/10 MP: 6/6
   583 | D:1      | Reached XP level 2. HP: 15/15 MP: 5/8
   771 | D:1      | You fall into a shaft and drop 1 floor!
   915 | D:2      | Reached XP level 3. HP: 19/19 MP: 6/10
   918 | D:2      | Learned a level 2 spell: Searing Ray
   992 | D:2      | Reached skill level 5 in Conjurations
  1157 | D:2      | Noticed Terence
  1161 | D:2      | Killed Terence
  1651 | D:2      | Reached XP level 4. HP: 24/24 MP: 10/12
  1719 | D:2      | Found a faded altar of an unknown god.
  2051 | D:1      | Learned a level 4 spell: Fulminant Prism
  2056 | D:1      | Learned a level 4 spell: Iskenderun's Mystic Blast
  2527 | D:3      | Found a sacrificial altar of Ru.
  2528 | D:3      | Found a shimmering altar of Xom.
  2867 | D:3      | Found a broken altar of Ashenzari.
  2918 | D:3      | Noticed Ijyb
  3447 | D:3      | Reached skill level 5 in Spellcasting
  3922 | D:4      | Reached XP level 5. HP: 28/28 MP: 7/14
  4091 | D:4      | Noticed a phantom
  4103 | D:3      | Killed Ijyb
  4185 | D:4      | Killed a phantom
  4186 | D:4      | Reached skill level 1 in Translocations
  4186 | D:4      | Reached XP level 6. HP: 32/32 MP: 10/16
  4686 | D:4      | Reached XP level 7. HP: 36/36 MP: 11/17
  4819 | D:4      | Found a runed translucent door.
  5036 | D:4      | Noticed Gorgormcgor's ghost (amateur GnDe)
  5064 | D:5      | Entered Level 5 of the Dungeon
  5403 | D:5      | Found a white marble altar of Elyvilon.
  5410 | D:5      | Reached skill level 5 in Hexes
  5424 | D:5      | Reached skill level 1 in Shields
  5613 | D:5      | Found a burning altar of Makhleb.
  5856 | D:5      | Noticed Duvessa
  5856 | D:5      | Noticed Dowan
  6079 | D:5      | Reached skill level 5 in Translocations
  6313 | D:5      | Killed Dowan
  6313 | D:5      | Slain by Duvessa

Illustrated notes

Levels and vault maps discovered:
D:1:      sevenhm_arrival_forest_fort_large_2, layout_loops_corners
D:2:      layout_loops_ring, shapermc_ecumenical_altar_mp_vishouse, uniq_terence
D:3:      layout_loops_corners, ashenzari_altar_1,
          chequers_temple_overflow_statue_of_worship, nrook_loot_triangle,
          uniq_ijyb
D:4:      layout_rooms, ebering_ghost_reflecting_pool
D:5:      layout_loops_ring, mainiacjoe_overflow_catwalk, elyvilon_altar_5,
          uniq_blork_the_orc, uniq_duvessa

Skill      XL: |  1  2  3  4  5  6  7 |
---------------+----------------------+-----
Spellcasting   | 4 5 |  5.8
Conjurations   | 5 6 |  6.1
Hexes          | 2 4 6 |  6.1
Translocations | 1 3 5 |  5.0
Shields        | 2 |  2.0
Dodging        | |  2.4
Stealth        | |  2.4

Action                   |  1- 3 |  4- 6 |  7- 9 || total
-------------------------+-------+-------+-------++-------
 Cast: Magic Dart        |    52 |    59 |    34 ||   145
       Searing Ray       |     1 |    11 |    12 ||    24
       Iskenderun's Myst |       |       |     3 ||     3
Evoke: Wand              |       |       |     1 ||     1
Armor: Robe              |     1 |     2 |     1 ||     4
Dodge: Dodged            |     1 |     8 |    14 ||    23
